 Dungeon Crawl Stone Soup version 0.22.1-6-g1668fe2c40 (webtiles) character file.

43 MelsaHvarei the Poker (level 3, -4/27 HPs)
             Began as a Merfolk Skald on Jan 28, 2019.
             Killed from afar by Sigmund (12 damage)
             ... with a puff of flame
             ... on level 2 of the Dungeon.
             The game lasted 00:04:53 (1474 turns).

MelsaHvarei the Poker (Merfolk Skald)               Turns: 1474, Time: 00:04:54

Health: -4/27      AC:  3    Str: 12    XL:     3   Next: 58%
Magic:  5/6        EV: 13    Int: 12    God:
Gold:   51         SH:  0    Dex: 13    Spells: 3/6 levels left

rFire    . . .     SeeInvis .   a - +0 spear
rCold    . . .     Gourm    .   (no shield)
rNeg     . . .     Faith    .   b - +0 leather armour
rPois    .         Spirit   .   (no helmet)
rElec    .         Reflect  .   (no cloak)
rCorr    .         Harm     .   (no gloves)
MR       .....                  (no boots)
Stlth    +.........             (no amulet)
HPRegen  0.09/turn              (no ring)
MPRegen  0.10/turn              (no ring)

@: no status effects
A: change form in water, swift swim, stealthy swim
a: no special abilities


You were on level 2 of the Dungeon.
You were very hungry.

You visited 1 branch of the dungeon, and saw 2 of its levels.

You collected 51 gold pieces.

Inventory:

Hand Weapons
 a - a +0 spear (weapon)
Armour
 b - a +0 leather armour (worn)
Potions
 e - a potion of might {unknown}
 f - a potion of curing {unknown}
Comestibles
 d - a ration


   Skills:
 - Level 2.1 Fighting
 + Level 4.4 Polearms
 - Level 0.6 Armour
 + Level 4.1 Dodging
 - Level 2.0 Spellcasting
 - Level 3.2 Charms


You had 3 spell levels left.
You knew the following spells:

 Your Spells              Type           Power        Failure   Level  Hunger
a - Infusion              Chrm           #...         9%          1    ##.....
b - Shroud of Golubria    Chrm/Tloc      #.........   26%         2    ###....

Your spell library contained the following spells:

 Spells                   Type           Power        Failure   Level  Hunger
 Song of Slaying          Chrm           #.......     14%         2    ###....
 Regeneration             Chrm/Necr      #.........   47%         3    ####...
 Spectral Weapon          Hex/Chrm       #.......     47%         3    ####...
 Recall                   Summ/Tloc      N/A          71%         3    ####...
 Aura of Abjuration       Summ           #.........   100%        5    ######.
 Summon Demon             Summ           #.........   100%        5    ######.
 Summon Forest            Summ/Tloc      #.........   100%        5    ######.
 Summon Mana Viper        Hex/Summ       #.......     100%        5    ######.
 Shadow Creatures         Summ           N/A          100%        6    #######


Dungeon Overview and Level Annotations

Branches:
Dungeon (2/15)

Altars:

Annotations:
D:2 Sigmund


Message History

You closely miss something. You hit something but do no damage.
You hear some strange, mumbled words.
Something tries to affect you, but you resist.
You hit something but do no damage. Something hits you.
Your shroud falls apart!
You barely miss something. You closely miss something.
Your magical infusion is running out.
Something hits you.
You hit something. Something hits you but does no damage.
You miss something. You closely miss something. Something hits you!
Something hits you.
* * * LOW HITPOINT WARNING * * *
You are no longer magically infusing your attacks.
You see here a scroll labeled QOSUIPP VAAGORPH.
A puff of flame appears from out of thin air!
The puff of flame hits you!
You die...

.##.# #.# .##.######
#.### .........#
#...# ..##.....#
###.# .........# #{#
..##.....# #.#
.###.....# ###?####
.# ####### #%.....#
.# #.#@##.# .#
#.#.#*,# .# #,#.#*,*
## *,#.#*,*
**#********* *,#.#*,*
...,,,,,,,,***,...,,*
#*********,,,,,..#***
# ******### #


There were no monsters in sight!

Vanquished Creatures
  An ooze (D:2)
  4 dart slugs (D:1)
  A leopard gecko (D:1)
  5 bats
  A giant cockroach (D:1)
  2 goblins (D:1)
  2 hobgoblins (D:1)
  4 jackals (D:1)
  A kobold (D:1)
  4 frilled lizards
  3 rats (D:1)
28 creatures vanquished.

Notes
Turn   | Place    | Note
-------+----------+-------------------------------------------
     0 | D:1      | MelsaHvarei the Merfolk Skald began the quest for the Orb.
     0 | D:1      | Reached XP level 1. HP: 16/16 MP: 3/3
   117 | D:1      | Reached XP level 2. HP: 13/22 MP: 5/5
   703 | D:1      | Learned a level 2 spell: Shroud of Golubria
   737 | D:1      | Reached XP level 3. HP: 27/27 MP: 6/6
  1433 | D:2      | Noticed Sigmund
  1474 | D:2      | Killed from afar by Sigmund

Skill      XL: |  1  2  3 |
---------------+----------+-----
Dodging        | 3 4 |  4.1
Polearms       | 4 |  4.4
Fighting       | |  2.1
Armour         | |  0.6
Spellcasting   | |  2.0
Charms         | |  3.2

Action                   || total
-------------------------++-------
Melee: Spear             ||   128
 Cast: Infusion          ||     3
       Shroud of Golubri ||     2
  Use: Scroll            ||     1
 Stab: Sleeping          ||     1
  Eat: Chunk             ||     1
Armor: Leather armour    ||    23
Dodge: Dodged            ||    62
